 Dungeon Crawl Stone Soup version 0.14-a0-59-gd5eeb80 (webtiles) character file.

105 Sachiko the Ruffian (level 4, -5/44 HPs)
             Began as a Troll Monk on Sept 30, 2013.
             Slain by an ogre
             ... wielding a +0,+0 giant spiked club
              (16 damage)
             ... on Level 4 of the Dungeon.
             The game lasted 00:02:32 (668 turns).

Sachiko the Ruffian (Troll Monk)                     Turns: 668, Time: 00:02:32

HP  -5/44        AC  5     Str 20      XL: 4   Next: 11%
MP   1/1         EV 10     Int  6      God:
Gold 30          SH  0     Dex 12      Spells:  0 memorised,  3 levels left

Res.Fire  : . . .   See Invis. : .     - Unarmed
Res.Cold  : . . .   Warding    : .   a - +0 robe
Life Prot.: . . .   Conserve   : .   (shield restricted)
Res.Poison: .       Res.Corr.  : .   (helmet restricted)
Res.Elec. : .       Clarity    : .   (no cloak)
Sust.Abil.: . .     Spirit.Shd : .   (gloves unavailable)
Res.Mut.  : .       Stasis     : .   (boots unavailable)
Res.Rott. : .       Flight     : .   (no amulet)
Gourmand  : +                        (no ring)
                                     (no ring)

@: slightly resistant to hostile enchantments, unstealthy
A: unfitting armour, claws 3, fast metabolism 3, gourmand, regeneration 2,
saprovore 2, tough skin 2, AC +1
a: no special abilities


You were on level 4 of the Dungeon.
You were very full.

You visited 1 branch of the dungeon, and saw 4 of its levels.

You collected 30 gold pieces.

Inventory:

Armour
 a - a +0 robe (worn)
Comestibles
 b - 2 meat rations
 c - 2 apples
 f - a chunk of hobgoblin flesh
 g - a bread ration
Scrolls
 h - a scroll of enchant weapon I {unknown}
 i - a scroll of remove curse {unknown}
Potions
 d - a potion of resistance {unknown}
 e - a potion of poison {unknown}


   Skills:
 + Level 2.7 Fighting
 + Level 2.7 Dodging
 - Level 1.1 Stealth
 * Level 5.1 Unarmed Combat


You had 3 spell levels left.
You didn't know any spells.

Dungeon Overview and Level Annotations

Branches:
Dungeon (4/27)
 Temple: D:4-7

Altars:


Innate Abilities, Weirdness & Mutations

You are too large for most types of armour.
You have claws for hands.
Your metabolism is lightning-fast.
You like to eat raw meat.
You heal very quickly.
You can eat rotten meat.
You are covered in fur (AC +1).
You have very tough skin (AC +2).


Message History

* * * LOW HITPOINT WARNING * * *
The goblin hits you.
* * * LOW HITPOINT WARNING * * *
You enter the shallow water.
Moving in this stuff is going to be slow.
The ball python barely misses you. The ball python bites you.
* * * LOW HITPOINT WARNING * * *
The ball python bites you but does no damage.
You hit the plant but do no damage. The ball python misses you.
You enter the shallow water.
Moving in this stuff is going to be slow.
The ball python closely misses you. The ball python barely misses you.
The ball python closely misses you.
The ball python bites you but does no damage.
You claw the plant!
The plant is lightly damaged.
The ogre hits you with a giant spiked club!
You die...

#........).......................
#................................
#................................
#....P≈P.PP≈.....................
#...≈≈♣P≈PPP.P...................
#..P≈≈≈≈≈≈≈≈≈PP.≈................
#....≈P.≈≈♣≈≈≈PPP≈.......###.....
#.......PPP≈≈≈♣≈P.P.)....# #.....
#........PPP♣≈≈≈@PP....).###.....
#........PPPP♣♣OS≈P..............
#.........PP♣≈♣≈≈PP..............
##......P.PP♣≈≈≈P.P..............
##..PP≈≈≈≈♣≈≈PPgP...............
##≈.P≈≈≈♣P.PP..................
#PP≈≈♣≈P.PP....................
#P≈PPP.P.............!.....[...
#P≈PPPP........................


You could see an ogre, a goblin and a ball python.

Vanquished Creatures
  An iguana (D:4)
  An adder (D:2)
  2 worms
  3 bats
  2 giant cockroaches
  2 goblins
  2 hobgoblins (D:4)
  3 giant geckos
  8 giant newts
  A kobold (D:1)
  3 rats
  A rat skeleton (D:4)
29 creatures vanquished.

Notes
Turn   | Place    | Note
--------------------------------------------------------------
     0 | D:1      | Sachiko, the Troll Monk, began the quest for the Orb.
     0 | D:1      | Reached XP level 1. HP: 20/20 MP: 0/0
   160 | D:1      | Reached XP level 2. HP: 28/28 MP: 0/0
   302 | D:2      | Reached XP level 3. HP: 19/36 MP: 1/1
   473 | D:4      | Reached skill level 5 in Unarmed Combat
   473 | D:4      | Reached XP level 4. HP: 14/44 MP: 1/1
   629 | D:4      | Noticed an ogre
   668 | D:4      | Slain by an ogre

Action                   |  1- 3 |  4- 6 || total
-------------------------+-------+-------++-------
Melee: Unarmed           |    66 |    16 ||    82
  Use: Potion            |     6 |     1 ||     7
       Scroll            |     1 |       ||     1
 Stab: Sleeping          |     1 |       ||     1
